 Dungeon Crawl Stone Soup version 0.29-a0-700-g2f1814c7b2 (webtiles) character file.

Game seed: 4376193839198643596

1505 Sobieck the Archer (level 8, -4/40 HPs)
             Began as a Spriggan Arcane Marksman on June 25, 2022.
             Killed from afar by a steam dragon (16 damage)
             ... with a ball of steam
             ... on level 7 of the Dungeon.
             The game lasted 00:12:47 (4223 turns).

Sobieck the Archer (Spriggan Arcane Marksman)       Turns: 4223, Time: 00:12:48

Health: -4/40      AC:  7    Str:  6    XL:     8   Next: 52%
Magic:  15/15      EV: 24    Int: 14    God:
Gold:   157        SH:  0    Dex: 18    Spells: 14/15 levels left

rFire   . . .      SeeInvis +   a - +0 shortbow {bow}
rCold   . . .      Faith    .   (shield currently unavailable)
rNeg    . . .      Spirit   .   b - +0 robe
rPois   .          Reflect  .   (helmet restricted)
rElec   .          Harm     .   u - +0 cloak
rCorr   .          Rampage  .   (gloves unavailable)
Will    +....                   (boots unavailable)
Stlth   +++.......              (no amulet)
HPRegen 0.13/turn               o - +4 ring of evasion
MPRegen 0.14/turn               t - +4 ring of protection

@: very quick
A: very small, no large weapons, unfitting armour, see invisible, speed 3
a: no special abilities


You were on level 7 of the Dungeon.
You visited 1 branch of the dungeon, and saw 6 of its levels.

You collected 211 gold pieces.
You spent 54 gold pieces at shops.


Innate Abilities, Weirdness & Mutations

You are very small and have problems with some larger weapons.
You are too small for most types of armour.
You have supernaturally acute eyesight. (SInv)
You cover ground extremely quickly. (Speed+++)


   Skills:
 + Level 3.3 Fighting
 * Level 8.4 Bows
 + Level 6.0 Dodging
 - Level 6.0 Stealth
 - Level 4.0 Spellcasting
 - Level 5.0 Hexes


You had 14 spell levels left.
You knew the following spells:

 Your Spells              Type           Power      Damage    Failure   Level
a - Slow                  Hex            64%        N/A       2%          1

Your spell library contained the following spells:

 Spells                   Type           Power      Damage    Failure   Level
 Necrotize                Necr           8%         1d4       19%         1
 Sandblast                Erth           4%         2d4       19%         1
 Inner Flame              Hex/Fire       9%         N/A       21%         3
 Portal Projectile        Hex/Tloc       18%        N/A       21%         3
 Cause Fear               Hex            8%         N/A       24%         4
 Passwall                 Tmut/Erth      1%         N/A       28%         2
 Sublimation of Blood     Necr           2%         N/A       28%         2
 Stone Arrow              Conj/Erth      4%         3d7       50%         3
 Vampiric Draining        Necr           2%         2d6       50%         3
 Petrify                  Tmut/Erth      2%         N/A       88%         4
 Agony                    Necr           2%         N/A       99%         5
 Irradiate                Conj/Tmut      1%         3d13      99%         5

Inventory:

Hand Weapons
 a - a +0 shortbow (weapon) {bow}
 C - a +1 flail of protection {mace}
   (You took it off Edmund on level 4 of the Dungeon)
 G - a +0 dagger of electrocution {short}
   (You took it off a goblin on level 4 of the Dungeon)
 L - a +1 mace {mace}
   (You took it off a wight on level 7 of the Dungeon)
Missiles
 d - 84 stones {throwing}
 x - 9 poisoned darts {throwing}
 K - 2 boomerangs {throwing}
Armour
 b - a +0 robe (worn)
 u - a +0 cloak (worn)
   (You bought it in a shop on level 3 of the Dungeon)
 v - a +0 animal skin
   (You took it off Robin on level 3 of the Dungeon)
 w - a +0 robe
   (You took it off Sigmund on level 3 of the Dungeon)
 I - a +0 robe
   (You took it off a wight on level 7 of the Dungeon)
 J - a +0 robe
   (You took it off a wight on level 7 of the Dungeon)
 M - a +0 robe
   (You took it off a wight on level 7 of the Dungeon)
Magical Staves
 N - a staff of air {!astaff}
   (You found it on level 7 of the Dungeon)
Jewellery
 o - a +4 ring of evasion (left hand)
   (You found it on level 2 of the Dungeon)
 t - a +4 ring of protection (right hand)
   (You found it on level 3 of the Dungeon)
 F - a ring of fire
   (You found it on level 4 of the Dungeon)
Wands
 y - a wand of charming (4)
   (You found it on level 4 of the Dungeon)
Scrolls
 c - 2 scrolls of vulnerability {!r!r}
 f - 3 scrolls of identify {unknown}
 g - 6 scrolls of fog {unknown}
 h - 2 scrolls of noise {unknown}
 i - a scroll of summoning {unknown}
 k - 2 scrolls of enchant armour {unknown}
 p - a scroll of enchant weapon {unknown}
 r - 3 scrolls of teleportation {unknown}
 D - a scroll of brand weapon {unknown}
 H - a scroll of silence {unknown}
Potions
 e - 2 potions of heal wounds {unknown}
 j - 2 potions of degeneration {unknown}
 l - 2 potions of brilliance {unknown}
 m - 4 potions of curing {@q1}
 n - a potion of berserk rage {unknown}
 q - a potion of ambrosia {unknown}
 s - 2 potions of cancellation {unknown}
 z - 2 potions of lignification {unknown}
 A - 2 potions of mutation {unknown}
 B - a potion of haste {unknown}
 E - a potion of attraction {unknown}

Dungeon Overview and Level Annotations

Branches:
Dungeon (5/15) Zot: 26485
 Temple: D:4-7

Altars:
Wu Jian

Shops:
D:1 =   D:3 *

Annotations:
D:3 1 runed translucent door, Crazy Yiuf

... #.≈.≈..##...... ...
#.≈≈...#.......
#....########.≈....#.......
>......≈≈≈....≈............
.....#######.....#.##......
......###.##.....#.###...##
#........§....#..#.)..##
#.......#§.....#.#.####
##...#D@#..........#
####...#...##...##..#####
########.......................#
.........###.#..........#.####.##
##.......###.......#..###..# .#
#.........###.#..........#.# .#
#.........###............#.# ##.#
#..................#.......###...
#.........#####....#.....#..#..#.


You could see a steam dragon (catching breath).


Message History

You shoot an arrow.
The arrow hits the wight but does no damage.
You shoot an arrow.
The arrow hits the wight but does no damage.
You shoot an arrow. The arrow hits the wight.
You see here a +0 falchion {long}.
You shoot an arrow. The arrow closely misses the wight.
You shoot an arrow. The arrow closely misses the wight.
Danger!
You shoot an arrow.
The arrow hits the wight but does no damage.
You shoot an arrow. The arrow barely misses the wight.
You shoot an arrow.
The arrow hits the wight but does no damage.
Danger!
You shoot an arrow. The arrow hits the wight!
You destroy the wight!
Your Dodging skill increases to level 6!
No target in view!
No target in view!
K - 2 boomerangs {throwing} You now have 138 gold pieces (gained 13).
There is a stone staircase leading down here.
You hear the steady creaking of a distant portcullis.
L - a +1 mace {mace};
M - a +0 robe You now have 157 gold pieces (gained 19).
m - 4 potions of curing {@q1} (gained 1)
N - a staff of air {!astaff} Unknown command.
x - 9 poisoned darts {throwing} (gained 2) Unknown command.
Found a stone staircase leading up.
Unknown command.
You see here a +0 dagger {short}.
A steam dragon comes into view.
Found an escape hatch in the floor.
Danger!
You shoot an arrow. The steam dragon hisses angrily.
The arrow hits the steam dragon!
You shoot an arrow.
The arrow hits the steam dragon but does no damage.
You shoot an arrow. The arrow hits the steam dragon.
The steam dragon breathes steam at you. The ball of steam hits you!
Danger!
You are too injured to fight recklessly!
You are too injured to fight recklessly!
Shoot: a) +0 shortbow {bow}
Press: ? - help, Q - select action, (/) - cycle Shift-Dir - straight line, f/p - steam dragon
Aim: a steam dragon (heavily wounded, catching its breath, 66% to hit)
You shoot an arrow. The arrow hits the steam dragon.
Shoot: a) +0 shortbow {bow}
Press: ? - help, Q - select action, (/) - cycle Shift-Dir - straight line, f/p - steam dragon
Aim: a steam dragon (severely wounded, 66% to hit)
You shoot an arrow.
The arrow barely misses the steam dragon.
You hear the quick creaking of a very distant portcullis.
The steam dragon breathes steam at you. The ball of steam hits you!
* * * LOW HITPOINT WARNING * * *
Shoot: a) +0 shortbow {bow}
Press: ? - help, Q - select action, (/) - cycle Shift-Dir - straight line, f - you That would be overly suicidal.
Okay, then.
Unknown command.
Unknown command.
You are engulfed in a cloud of scalding steam.
* * * LOW HITPOINT WARNING * * *
Unknown command.
Shoot: a) +0 shortbow {bow}
Press: ? - help, Q - select action, (/) - cycle Shift-Dir - straight line, f - steam dragon
Aim: a steam dragon (steam, severely wounded, catching its breath, 66% to hit)
You shoot an arrow. The arrow hits the steam dragon.
Shoot: a) +0 shortbow {bow}
Press: ? - help, Q - select action, (/) - cycle Shift-Dir - straight line, f/p - steam dragon
Aim: a steam dragon (steam, severely wounded, catching its breath, 66% to hit)
You shoot an arrow. The arrow hits the steam dragon.
Shoot: a) +0 shortbow {bow}
Press: ? - help, Q - select action, (/) - cycle Shift-Dir - straight line, f/p - steam dragon
Aim: a steam dragon (almost dead, 66% to hit)
You shoot an arrow.
The arrow barely misses the steam dragon.
The steam dragon completely misses you.
The steam dragon claws you but does no damage.
The steam dragon misses you. The steam dragon barely misses you.
Shoot: a) +0 shortbow {bow}
Press: ? - help, Q - select action, (/) - cycle Shift-Dir - straight line, f/p - steam dragon
Aim: a steam dragon (almost dead, 66% to hit)
You shoot an arrow.
The arrow closely misses the steam dragon.
The steam dragon completely misses you. x2
Shoot: a) +0 shortbow {bow}
Press: ? - help, Q - select action, (/) - cycle Shift-Dir - straight line, f/p - steam dragon
Aim: a steam dragon (almost dead, 66% to hit)
You shoot an arrow.
The arrow hits the steam dragon but does no damage.
The steam dragon breathes steam at you. The ball of steam hits you!
You die...

Skill      XL: |  1  2  3  4  5  6  7  8 |
---------------+-------------------------+-----
Bows           | 3 4 5 6 7 8 |  8.4
Spellcasting   | 3 4 |  4.0
Hexes          | 4 5 |  5.0
Stealth        | 2 3 5 6 |  6.0
Fighting       | 1 2 3 |  3.3
Dodging        | 3 5 6 |  6.0

Action                   |  1- 3 |  4- 6 |  7- 9 || total
-------------------------+-------+-------+-------++-------
 Fire: Shortbow          |   146 |   120 |   227 ||   493
 Cast: Slow              |       |     3 |     9 ||    12
Evoke: Wand              |       |       |     1 ||     1
Armor: Robe              |     6 |     6 |     5 ||    17
Dodge: Dodged            |    39 |    42 |    42 ||   123

Levels and vault maps discovered:
D:1:      nzn_arrival_crosshair, layout_rooms, serial_shops, shop,
          minmay_box_of_dots
D:2:      layout_basic, hellmonk_ecumenical_altar_inner_sanctum
D:3:      layout_loops_ring, mainiacjoe_overflow_24_doors, serial_shops, shop,
          uniq_crazy_yiuf_cottage, uniq_robin, uniq_sigmund
D:4:      layout_loops_ring, uniq_edmund
D:5:      layout_cave_pools, elyvilon_altar_4, ebering_ghost_sewer_d,
          uniq_blork_the_orc, uniq_duvessa, uniq_menkaure
D:7:      layout_rooms, serial_shops,
          nicolae_shop_temple_entry_statues_fountains, enter_bailey_5,
          chequers_serial_rivers_micro_c, corexii_corridor_pit, minivault_22,
          minmay_strange_pillars, uniq_prince_ribbit1

Notes
Turn   | Place    | Note
-------+----------+-------------------------------------------
     0 | D:1      | Sobieck the Spriggan Arcane Marksman began the quest for
                  | the Orb.
     0 | D:1      | Reached XP level 1. HP: 9/9 MP: 3/3
    35 | D:1      | Reached skill level 3 in Bows
    37 | D:1      | Found Makhes's Jewellery Shop.
    86 | D:1      | Reached XP level 2. HP: 14/14 MP: 5/5
   203 | D:1      | You pick up a book of Necromancy and begin reading...
   203 | D:1      | You add the spells Necrotize, Vampiric Draining and Agony
                  | to your library.
   377 | D:1      | Reached XP level 3. HP: 14/17 MP: 6/6
   465 | D:1      | You pick up a book of Alchemy and begin reading...
   465 | D:1      | You add the spells Sublimation of Blood, Petrify and
                  | Irradiate to your library.
   476 | D:1      | Reached skill level 2 in Spellcasting
   667 | D:2      | Reached skill level 4 in Hexes
   718 | D:2      | Found a faded altar of an unknown god.
   808 | D:2      | Reached skill level 4 in Bows
  1368 | D:3      | Noticed an ogre
  1386 | D:3      | Killed an ogre
  1387 | D:3      | Reached skill level 3 in Spellcasting
  1387 | D:3      | Reached XP level 4. HP: 21/21 MP: 7/9
  1387 | D:3      | Reached XP level 5. HP: 25/25 MP: 7/10
  1474 | D:3      | Found an ornate altar of the Wu Jian Council.
  1497 | D:3      | Reached skill level 5 in Hexes
  1609 | D:3      | Found a runed translucent door.
  1610 | D:3      | Noticed Crazy Yiuf
  1622 | D:3      | Found Wookh's General Store.
  1630 | D:3      | Bought a +0 cloak for 54 gold pieces
  1743 | D:3      | Noticed Robin
  1796 | D:3      | Killed Robin
  1931 | D:3      | Reached skill level 1 in Stealth
  1936 | D:3      | Noticed Sigmund
  2012 | D:3      | Killed Sigmund
  2013 | D:3      | Reached skill level 1 in Fighting
  2013 | D:3      | Reached skill level 5 in Bows
  2013 | D:3      | Reached skill level 3 in Dodging
  2013 | D:3      | Reached skill level 2 in Stealth
  2013 | D:3      | Reached XP level 6. HP: 30/30 MP: 10/12
  2707 | D:4      | Reached skill level 3 in Stealth
  2805 | D:4      | Reached skill level 6 in Bows
  2805 | D:4      | Reached skill level 4 in Spellcasting
  2805 | D:4      | Reached XP level 7. HP: 34/34 MP: 12/14
  2866 | D:4      | Reached skill level 2 in Fighting
  2866 | D:4      | Reached skill level 4 in Dodging
  2942 | D:4      | Noticed Edmund
  3155 | D:4      | Killed Edmund
  3156 | D:4      | Reached skill level 4 in Stealth
  3271 | D:4      | You pick up a book of Geomancy and begin reading...
  3271 | D:4      | You add the spells Sandblast, Passwall and Stone Arrow to
                  | your library.
  3590 | D:5      | Entered Level 5 of the Dungeon
  3591 | D:5      | You fall into a shaft and drop 2 floors!
  3691 | D:7      | Reached skill level 7 in Bows
  3792 | D:7      | Reached skill level 5 in Dodging
  3792 | D:7      | Reached skill level 5 in Stealth
  3792 | D:7      | Reached XP level 8. HP: 21/39 MP: 15/15
  3946 | D:7      | Noticed Prince Ribbit
  3968 | D:7      | Killed Prince Ribbit
  3994 | D:7      | Reached skill level 3 in Fighting
  4003 | D:7      | Reached skill level 8 in Bows
  4093 | D:7      | Reached skill level 6 in Stealth
  4131 | D:7      | Reached skill level 6 in Dodging
  4223 | D:7      | Killed from afar by a steam dragon

Vanquished Creatures
  Prince Ribbit (D:7)
  Sigmund (D:3)
  Edmund (D:4)
  An orc warrior (D:7)
  A sky beast (D:7)
  A black bear (D:4)
  2 ogres
  2 scorpions (D:4)
  4 wights (D:7)
  3 howler monkeys (D:7)
  An orc priest (D:7)
  Robin (D:3)
  An adder (D:4)
  2 ufetubi
  2 worms
  3 dart slugs
  5 orcs
  7 ball pythons
  9 bats
  5 endoplasms
  3 giant cockroaches (D:2)
  14 goblins
  10 hobgoblins
  5 quokkas
  5 frilled lizards
  13 kobolds
  5 rats (D:1)
108 creatures vanquished.

Table legend:
 A = Non-vault XP
 B = Vault XP
 C = Vault XP percentage of total XP
 D = Non-vault monster count
 E = Vault monster count
 F = Vault count percentage of total count
                 A         B        C        D         E       F
            +---------+---------+-------+---------+---------+-------
      Total |    1473 |     678 |  31.5 |      92 |      16 |  14.8
            +---------+---------+-------+---------+---------+-------
        D:1 |      43 |       8 |  15.7 |      28 |       4 |  12.5
        D:2 |      36 |       0 |   0.0 |      16 |       0 |   0.0
        D:3 |     150 |     253 |  62.8 |      15 |       9 |  37.5
        D:4 |     465 |     164 |  26.1 |      21 |       1 |   4.5
        D:7 |     779 |     253 |  24.5 |      12 |       2 |  14.3
            +---------+---------+-------+---------+---------+-------

Illustrated notes

Table legend:
 A = Kills in this place as a percentage of kills in entire the game.
 B = Kills by you in this place as a percentage of kills by you in the entire game.
 C = Kills by friends in this place as a percentage of kills by friends in the entire game.
 D = Other kills in this place as a percentage of other kills in the entire game.
 E = Experience gained in this place as a percentage of experience gained in the entire game.
 F = Experience gained in this place divided by the number of levels of this place that you have seen.
                   A       B       C       D       E      F
               +-------+-------+-------+-------+-------+----------------------
         Total | 100.0 | 100.0 |   N/A |   N/A | 100.0 | 358.5
       Dungeon | 100.0 | 100.0 |   N/A |   N/A | 100.0 | 358.5
               +-------+-------+-------+-------+-------+----------------------

Table legend: (Time is in decaauts)
 A = Elapsed time spent in this place.
 B = Non-inter-level travel time spent in this place.
 C = Inter-level travel time spent in this place.
 D = Time resting spent in this place.
 E = Time spent auto-exploring this place.
 F = Levels seen in this place.
 G = Mean time per level.
                   A        B        C        D        E       F      G
               +--------+--------+--------+--------+--------+-----+--------+
         Total |   3060 |   3017 |     43 |      6 |   1925 |   6 |  510.0 |
       Dungeon |   3060 |   3017 |     43 |      6 |   1925 |   6 |  510.0 |
               +--------+--------+--------+--------+--------+-----+--------+

Top non-repeatable levels by time:
     D:4: 847 daAuts
     D:3: 717 daAuts
     D:7: 513 daAuts
     D:1: 504 daAuts
     D:2: 476 daAuts
     D:5: 0 daAuts
